 Dungeon Crawl Stone Soup version 0.28-a0-1629-gf728b707aa (webtiles) character file.

Game seed: 9046025993540086906

14948 fragbeetle the Spear-Bearer (level 12, -6/91 HPs)
             Began as a Merfolk Ice Elementalist on Jan 25, 2022.
             Was a Priest of Sif Muna.
             Mangled by a death scarab (26 damage)
             ... in a Gauntlet.
             The game lasted 00:45:39 (14441 turns).

fragbeetle the Spear-Bearer (MfIE)                 Turns: 14441, Time: 00:45:40

Health: -6/91      AC: 11    Str: 17    XL:     12   Next: 21%
Magic:  18/18      EV: 16    Int: 17    God:    Sif Muna [***...]
Gold:   953        SH:  5    Dex: 16    Spells: 1/19 levels left

rFire   . . .      SeeInvis .   u - +2 trident (vorpal)
rCold   + + +      Faith    .   Q - +0 buckler
rNeg    . . .      Spirit   .   I - +2 robe {rC+}
rPois   .          Reflect  .   i - +0 helmet
rElec   .          Harm     .   D - +0 cloak
rCorr   .          Rampage  .   H - +0 pair of gloves
Will    .....      NoTele   +   (no boots)
Stlth   ++........              a - amulet of Kamyomu {rC++ Regen+ Str+2 Stlth-}
HPRegen 1.05/turn               k - +6 ring of strength
MPRegen 0.16/turn               f - +4 ring of protection

@: on berserk cooldown, slowed, very slow
A: (nimble swimmer 2), mertail
a: Renounce Religion, Channel Magic, Forget Spell


You were in a Gauntlet.
You worshipped Sif Muna.
Sif Muna was most pleased with you.
You visited 3 branches of the dungeon, and saw 14 of its levels.
You also visited: Sewer and Gauntlet.

You collected 953 gold pieces.

Inventory:

Hand Weapons
 u - a +2 vorpal trident (weapon)
Missiles
 g - 2 silver boomerangs
 q - 16 poisoned darts (quivered)
 R - 3 curare-tipped darts
Armour
 i - a +0 helmet (worn)
 D - a +0 cloak (worn)
 H - a +0 pair of gloves (worn)
 I - a +2 robe of cold resistance (worn)
 N - +0 steam dragon scales
 Q - a +0 buckler (worn)
Jewellery
 a - the amulet of Kamyomu (around neck) {rC++ Regen+ Str+2 Stlth-}
   (You acquired it on level 1 of the Lair of Beasts)

   [amulet of regeneration]

   Str:       It affects your strength (+2).
   rC:        It greatly protects you from cold.
   Regen:     It increases your rate of health regeneration.
   Stlth:     It makes you less stealthy.
 f - a +4 ring of protection (right hand)
 k - a +6 ring of strength (left hand)
 O - a ring of positive energy
Wands
 c - a wand of charming (15)
 e - a wand of paralysis (11)
 o - a wand of flame (10)
 p - a wand of digging (1)
 s - a wand of acid (4)
Scrolls
 b - a scroll of teleportation
 n - 3 scrolls of fog
 v - a scroll of silence {unknown}
 w - 6 scrolls of enchant armour
 y - 3 scrolls of blinking
 F - 2 scrolls of amnesia
 K - a scroll of torment
 L - 2 scrolls of magic mapping
 M - 2 scrolls of summoning
Potions
 d - 5 potions of might
 h - 3 potions of magic {unknown}
 j - 9 potions of flight
 l - 5 potions of heal wounds
 m - a potion of invisibility {unknown}
 t - 2 potions of brilliance
 x - a potion of haste {unknown}
 z - a potion of resistance {unknown}
 B - a potion of berserk rage
 E - 4 potions of lignification
 G - 3 potions of ambrosia
 P - a potion of cancellation {unknown}
Miscellaneous
 r - a phantom mirror


   Skills:
 + Level 7.0 Fighting
 * Level 11.9 Polearms
 + Level 8.8 Dodging
 - Level 4.0 Stealth
 - Level 4.0 Shields
 - Level 4.2 Spellcasting
 * Level 6.3 Conjurations
 - Level 1.4 Translocations
 * Level 2.7 Transmutations
 * Level 10.8 Ice Magic
 * Level 6.6 Poison Magic


You had one spell level left.
You knew the following spells:

 Your Spells              Type           Power      Damage    Failure   Level
a - Freeze                Ice            100%       1d11      1%          1
b - Frozen Ramparts       Ice            80%        1d10      1%          3
c - Ozocubu's Armour      Ice            40%        N/A       1%          3
d - Mephitic Cloud        Conj/Pois/Air  18%        N/A       10%         3
e - Blink                 Tloc           16%        N/A       16%         2
f - Ignite Poison         Fire/Tmut/Pois 14%        N/A       16%         3
g - Stone Arrow           Conj/Erth      28%        3d8       16%         3

Your spell library contained the following spells:

 Spells                   Type           Power      Damage    Failure   Level
 Magic Dart               Conj           100%       1d8       1%          1
 Apportation              Tloc           16%        N/A       11%         1
 Sandblast                Erth           6%         2d5       21%         1
 Searing Ray              Conj           50%        2d6       2%          2
 Ensorcelled Hibernation  Hex/Ice        42%        N/A       3%          2
 Hailstorm                Conj/Ice       32%        3d8       6%          4
 Conjure Flame            Conj/Fire      14%        6-21      16%         3
 Passwall                 Tmut/Erth      6%         N/A       17%         2
 Call Imp                 Summ           3%         N/A       30%         2
 Gell's Gravitas          Tloc           8%         N/A       32%         3
 Lesser Beckoning         Tloc           8%         N/A       32%         3
 Teleport Other           Tloc           8%         N/A       32%         3
 Fulminant Prism          Conj/Hex       7%         3d7       47%         4
 Sticky Flame             Conj/Fire      14%        2d4       47%         4
 Swiftness                Air            3%         N/A       52%         3
 Alistair's Intoxication  Tmut/Pois      12%        N/A       61%         5
 Lightning Bolt           Conj/Air       7%         1d19      83%         5
 Airstrike                Air            1%         N/A       89%         4
 Animate Armour           Summ/Erth      6%         N/A       89%         4
 Summon Lightning Spire   Summ/Air       3%         N/A       89%         4
 Manifold Assault         Tloc           8%         N/A       96%         5
 Lehudib's Crystal Spear  Conj/Erth      7%         10d3      100%        8


Dungeon Overview and Level Annotations

Branches:
Dungeon (11/15)            Temple (1/1) D:6            Lair (2/6) D:8
  Sewer (visited)         Gauntlet (1/1)
  Swamp: Lair:2-4    Shoals: Lair:2-4     Snake: Lair:2-4    Spider: Lair:2-4
    Orc: D:9-12

Altars:
Ashenzari
Cheibriados
Dithmenos
Elyvilon
Fedhas
Gozag
Hepliaklqana
Kikubaaqudgha
Makhleb
Nemelex Xobeh
Okawaru
Qazlal
Ru
Sif Muna
Trog
Uskayaw
Vehumet
Wu Jian
Xom
Yredelemnul
Zin
The Shining One

Shops:
D:8 (

Annotations:
D:3 3 runed translucent doors, ThrustWizard's ghost, amateur DsFi
D:10 5 exclusions
D:11 Erolcha
Lair:1 exclusion: boulder beetle Gauntlet 13 transporters, exclusion: ice statue


Innate Abilities, Weirdness & Mutations

((You are very nimble when in or above water. (Stealth+, EV+, Speed+++)))
Your lower body shifts to a powerful aquatic tail in water.


Message History

The white imp laughs crazily.
The white imp shouts, "Out, out, thou paunchy fat-kidneyed fleecer!"
The white imp grins evilly.
The white imp laughs crazily.
The white imp shouts, "Slither hence, thou vain shard-borne gonus!"
There is a transporter here.
You enter the transporter and appear at another place.
The death scarab misses you.
Press: ? - help, v - describe, . - travel
Here: a death scarab The floor.
A red film seems to cover your vision as you go berserk!
You feel yourself moving faster!
You feel mighty! The death scarab bites you!
The death scarab drains your vigour!
You feel yourself slow down.
The death scarab draws strength from your injuries!
You feel a strong urge to attack something.
The death scarab completely misses you.
You feel your anger nearly subside.
You are no longer berserk.
You are exhausted.
You feel as though you will be slow longer.
The death scarab bites you but does no damage.
The death scarab bites you!! The death scarab drains your vigour!
You feel as though you will be slow longer.
The death scarab draws strength from your injuries!
The death scarab bites you. The death scarab drains your vigour!
You feel as though you will be slow longer.
The death scarab draws strength from your injuries!
The death scarab bites you but does no damage.
The death scarab bites you!!
The death scarab draws strength from your injuries!
You block the death scarab's attack. The death scarab bites you!
* * * LOW HITPOINT WARNING * * *
The death scarab drains your vigour!
You feel as though you will be slow longer.
The death scarab draws strength from your injuries!
Blink to where?
Press: ? - help, Dir - move target
As you read the scroll of blinking, it crumbles to dust.
You block the death scarab's attack. The death scarab bites you!!
You die...

###..#.###....##.#.
#8#..#.#?######..#.
#########..#.#p$.....55#.
#8#........#.###########.
#####........#.#...........
###≈.....#######.#######....≈
#8#......#©...........©#.....
###..#######################.
#..#..)?©.@..#≈#....©[?..#.
###..#####.##B##≈#...#.#...#.
#8#..##.#####§##≈#....#....#.
###..#......Z..#≈#.#..#..#.#.
#..###.##.##.#8#.#######.#.
###..###©##..#.#§#.#..#©.#.#.
#8#..#...#.....#§#....#....#.
###..#.##.##.#.#≈#...###...#.
#..#.##.##.###≈#.......WW#.


You could see a spectral cane toad, a wizard (wandering) and a death scarab.

Vanquished Creatures
  5 two-headed ogres
  Urug (Lair:1)
  A manticore (D:10)
  A cyclops (D:11)
  Maurice (D:8)
  An elephant (D:8)
  Maggie (D:8)
  2 cane toads (Lair:1)
  3 komodo dragons
  A rime drake (Lair:2)
  An ice devil (Gauntlet)
  A queen bee (D:9)
  Prince Ribbit (D:8)
  7 yaks (D:9)
  A wraith (D:10)
  3 wyverns
  Grum (D:8)
  A steam dragon (D:7)
  A water moccasin (D:7)
  An ice beast (D:7)
  4 black bears
  2 sky beasts
  4 orc warriors
  A necrophage (D:7)
  An ogre (D:5)
  10 wolves
  2 centaurs (D:9)
  A phantom (D:5)
  Blork the orc (D:5)
  4 bullfrogs
  A scorpion (D:5)
  A gnoll sergeant (D:10)
  2 water moccasin skeletons
  19 killer bees
  13 wights
  An electric eel (D:7)
  2 howler monkeys
  2 centaur zombies (D:4)
  3 jellies
  4 hounds
  2 bullfrog skeletons
  3 orc priests
  3 centaur skeletons
  3 iguanas
  Terence (D:3)
  10 orc wizards
  3 scorpion zombies (D:4)
  A killer bee zombie (D:6)
  A hound zombie (D:4)
  A hound skeleton (D:4)
  Robin (D:3)
  6 gnolls
  13 adders
  4 river rats (Sewer)
  2 white imps (Gauntlet)
  2 adder zombies (D:4)
  2 adder skeletons (D:4)
  3 worms
  2 dart slugs
  44 orcs
  10 ball pythons
  5 endoplasms
  2 giant cockroaches (Sewer)
  12 goblins
  9 hobgoblins
  3 jackals (Sewer)
  4 quokkas
  10 bats
  2 frilled lizards
  6 kobolds
  A quokka skeleton (D:4)
  A quokka zombie (D:4)
  4 rats
289 creatures vanquished.

Vanquished Creatures (others)
  8 fungi
  19 plants
27 creatures vanquished.

Grand Total: 316 creatures vanquished

Notes
Turn   | Place    | Note
-------+----------+-------------------------------------------
     0 | D:1      | fragbeetle the Merfolk Ice Elementalist began the quest for
                  | the Orb.
     0 | D:1      | Reached XP level 1. HP: 13/13 MP: 3/3
   325 | D:1      | Reached XP level 2. HP: 18/20 MP: 1/5
  1220 | D:2      | Reached skill level 1 in Fighting
  1220 | D:2      | Reached XP level 3. HP: 26/26 MP: 3/6
  1224 | D:2      | Learned a level 3 spell: Frozen Ramparts
  1419 | D:2      | Reached skill level 5 in Ice Magic
  1756 | D:3      | Noticed Robin
  1768 | D:3      | Reached XP level 4. HP: 17/32 MP: 1/7
  1790 | D:3      | Killed Robin
  2072 | D:3      | Found a runed translucent gate.
  2072 | D:3      | Found a runed translucent gate.
  2074 | D:3      | Found a runed translucent gate.
  2075 | D:3      | Noticed ThrustWizard's ghost (amateur DsFi)
  2246 | D:3      | Reached XP level 5. HP: 36/38 MP: 4/8
  2284 | D:3      | Learned a level 3 spell: Ozocubu's Armour
  2348 | D:3      | Found a sparkling altar of Nemelex Xobeh.
  2585 | D:3      | Noticed Terence
  2592 | D:3      | Killed Terence
  2666 | D:3      | Reached skill level 1 in Polearms
  3156 | D:4      | Reached XP level 6. HP: 35/46 MP: 6/9
  3200 | D:4      | Reached skill level 2 in Polearms
  3386 | D:4      | Found a white marble altar of Elyvilon.
  3404 | D:4      | Reached skill level 3 in Polearms
  3429 | D:4      | Found a glowing drain.
  3439 | Sewer    | Entered a sewer
  3794 | Sewer    | Reached XP level 7. HP: 51/51 MP: 10/10
  4606 | D:4      | Reached skill level 4 in Polearms
  5026 | D:5      | Entered Level 5 of the Dungeon
  5067 | D:5      | Reached skill level 5 in Dodging
  5390 | D:5      | Found a radiant altar of Vehumet.
  5420 | D:5      | Reached XP level 8. HP: 52/59 MP: 8/12
  5622 | D:5      | Reached skill level 5 in Polearms
  6045 | D:5      | Noticed Blork the orc
  6058 | D:5      | Killed Blork the orc
  6265 | D:5      | Identified the +1 robe of the Onion {Harm rPois}
  6379 | D:5      | Reached skill level 1 in Conjurations
  6748 | D:6      | Found a staircase to the Ecumenical Temple.
  6761 | Temple   | Entered the Ecumenical Temple
  6962 | Temple   | Became a worshipper of Sif Muna the Loreminder
  7091 | D:6      | Reached skill level 6 in Polearms
  7894 | D:6      | Reached XP level 9. HP: 53/66 MP: 8/14
  8034 | D:7      | Found a burning altar of Makhleb.
  8035 | D:7      | Noticed a two-headed ogre
  8048 | D:7      | Reached skill level 7 in Polearms
  8057 | D:7      | Killed a two-headed ogre
  8218 | D:7      | You fall into a shaft and drop 1 floor!
  8244 | D:7      | Reached skill level 5 in Fighting
  8244 | D:7      | Reached skill level 8 in Polearms
  8307 | D:7      | Learned a level 3 spell: Mephitic Cloud
  8382 | D:7      | Reached * piety under Sif Muna
  8825 | D:7      | Reached skill level 1 in Poison Magic
  9195 | D:8      | Found Giciziot's Antique Weapon Shop.
  9201 | D:8      | Reached XP level 10. HP: 74/74 MP: 9/16
  9228 | D:7      | Reached skill level 1 in Shields
  9293 | D:8      | Noticed Prince Ribbit
  9310 | D:8      | Killed Prince Ribbit
  9502 | D:8      | Found a staircase to the Lair.
  9503 | D:8      | Noticed an elephant
  9513 | D:8      | Reached skill level 9 in Polearms
  9690 | D:8      | Killed an elephant
  9724 | Lair:1   | Entered Level 1 of the Lair of Beasts
  9739 | Lair:1   | Noticed a cane toad
  9749 | Lair:1   | Killed a cane toad
  9789 | Lair:1   | Identified a scroll of acquirement
  9793 | Lair:1   | Acquired the amulet of Kamyomu {rC++ Regen+ Str+2 Stlth-}
  9953 | D:8      | Noticed a two-headed ogre
  9964 | D:8      | Killed a two-headed ogre
  9964 | D:8      | Reached ** piety under Sif Muna
  9982 | D:8      | Found a glowing silver altar of Zin.
 10016 | D:8      | Noticed Grum
 10022 | D:8      | Noticed Maggie
 10031 | D:8      | Killed Grum
 10044 | D:8      | Killed Maggie
 10113 | D:8      | Noticed Maurice
 10114 | D:8      | Paralysed by Maurice for 7 turns
 10124 | D:8      | Killed Maurice
 10125 | D:8      | Reached skill level 10 in Polearms
 10125 | D:8      | Reached skill level 5 in Conjurations
 10407 | D:9      | Reached XP level 11. HP: 81/81 MP: 13/17
 10853 | D:9      | Learned a level 2 spell: Blink
 10895 | D:9      | Noticed a two-headed ogre
 10905 | D:9      | Killed a two-headed ogre
 10906 | D:9      | Reached skill level 10 in Ice Magic
 10906 | D:9      | Reached skill level 5 in Poison Magic
 11249 | D:9      | Reached *** piety under Sif Muna
 11570 | D:10     | Entered Level 10 of the Dungeon
 11856 | D:10     | Reached skill level 11 in Polearms
 11856 | D:10     | Reached skill level 1 in Translocations
 11920 | D:10     | Noticed a two-headed ogre
 11931 | D:10     | Killed a two-headed ogre
 12132 | D:10     | Noticed a manticore
 12150 | D:10     | Killed a manticore
 12660 | D:11     | Noticed a two-headed ogre
 12672 | D:11     | Killed a two-headed ogre
 12737 | D:11     | Noticed a cyclops
 12746 | D:11     | Killed a cyclops
 12756 | D:11     | Learned a level 3 spell: Ignite Poison
 12793 | D:11     | Noticed Erolcha
 13012 | Lair:1   | Noticed a boulder beetle
 13067 | Lair:1   | Reached skill level 1 in Transmutations
 13092 | Lair:1   | Reached XP level 12. HP: 86/89 MP: 15/18
 13394 | Lair:1   | Noticed Urug
 13418 | Lair:1   | Killed Urug
 13418 | Lair:1   | Reached **** piety under Sif Muna
 13601 | Lair:2   | Found a gate leading to a gauntlet.
 13633 | Gauntlet | Entered a Gauntlet
 13633 | Gauntlet | Found a transporter.
 13633 | Gauntlet | Found a transporter.
 13649 | Gauntlet | Found a transporter.
 13664 | Gauntlet | Found a transporter.
 13674 | Gauntlet | Noticed a death scarab
 13682 | Gauntlet | Found a transporter.
 13694 | Gauntlet | Found a transporter.
 13710 | Gauntlet | Found a transporter.
 13776 | Gauntlet | Found a transporter.
 13791 | Gauntlet | Found a transporter.
 13806 | Gauntlet | Found a transporter.
 13819 | Gauntlet | Found a transporter.
 13831 | Gauntlet | Noticed a blizzard demon
 13836 | Gauntlet | Found a transporter.
 13903 | Gauntlet | Found a transporter.
 13915 | Gauntlet | Found a transporter.
 13946 | Gauntlet | Found a transporter.
 13965 | Gauntlet | Found a transporter.
 13991 | Gauntlet | Learned a level 3 spell: Stone Arrow
 14441 | Gauntlet | Mangled by a death scarab

Illustrated notes

Levels and vault maps discovered:
D:1:      saegor_arrival_simple_b, layout_rooms, chequers_serial_rivers_micro_b,
          corner_web_ring, amcnicky_mini_pool_small
D:2:      layout_basic, minmay_ruptured
D:3:      layout_loops_ring, lemuel_tele_altar, gammafunk_ghost_necromancy,
          uniq_terence, uniq_robin
D:4:      layout_basic, elyvilon_altar_4, serial_undead, serial_undead_f,
          serial_undead_d, serial_undead_d, serial_undead_d,
          cheibrodos_sewer_entry_drain, st_stairs_12
D:5:      layout_basic, nicolae_vehumet_altar_sigil, uniq_blork_the_orc
D:6:      layout_cave_pools, minmay_temple_entry_waves
D:7:      layout_gridville, minmay_misc_feat_nine_boxes, dk_noncrumbling_2,
          serial_bayou_lagoon_a, minmay_ruined_shrine
D:8:      layout_basic, zin_scriptorium, david_lair_generic, serial_shops,
          nicolae_stop_n_shop_2, minmay_misc_feat_tower, uniq_maggie,
          uniq_prince_ribbit1, uniq_maurice, uniq_grum
D:9:      layout_loops_corners, special_room [special_room_bee],
          grunt_ministairs_14
D:10:     layout_basic
D:11:     layout_basic, uniq_erolcha, uniq_harold
Temple:   eino_narrow_crystal_temple
Lair:1:   layout_gridlike, chequers_serial_rivers_micro_b, uniq_urug
Lair:2:   layout_roguey, gauntlet_entry_generic
Gauntlet: gammafunk_gauntlet_branching [gammafunk_gauntlet_arena_split_diamond,
          nicolae_gauntlet_arena_flowing_pool, gammafunk_gauntlet_arena_mazey,
          nicolae_gauntlet_arena_blocks, nicolae_gauntlet_arena_t_cross,
          gammafunk_gauntlet_arena_crates, gammafunk_gauntlet_arena_hedges,
          gammafunk_gauntlet_arena_spirals,
          nicolae_gauntlet_exit_dead_adventurers]

Skill      XL: |  1  2  3  4  5  6  7  8  9 10 11 12 |
---------------+-------------------------------------+-----
Dodging        | 3 4 5 6 7 8 |  8.8
Fighting       | 1 2 3 4 5 6 7 |  7.0
Ice Magic      | 5 6 7 8 9 10 | 10.8
Stealth        | 3 4 |  4.0
Polearms       | 1 3 4 6 8 10 11 | 11.9
Spellcasting   | 3 4 |  4.2
Conjurations   | 2 3 5 6 |  6.3
Poison Magic   | 1 4 6 |  6.6
Shields        | 3 4 |  4.0
Translocations | 1 |  1.4
Transmutations | 1 2 |  2.7

Action                   |  1- 3 |  4- 6 |  7- 9 | 10-12 || total
-------------------------+-------+-------+-------+-------++-------
Melee: Unarmed           |     6 |       |       |       ||     6
       Dagger            |     6 |       |       |       ||     6
       Rapier            |    15 |    20 |       |       ||    35
       Punch             |       |     3 |     4 |       ||     7
       Falchion          |       |   138 |    73 |       ||   211
       Tailslap          |       |     1 |     2 |       ||     3
       Short sword       |       |       |   220 |    60 ||   280
       Trident           |       |       |       |   326 ||   326
Throw: Dart              |     2 |     4 |     1 |    18 ||    25
       Throwing net      |       |     1 |       |       ||     1
 Cast: Freeze            |    33 |     3 |     1 |       ||    37
       Frozen Ramparts   |     1 |     9 |    25 |    46 ||    81
       Ozocubu's Armour  |       |     3 |    16 |    33 ||    52
       Mephitic Cloud    |       |       |       |     2 ||     2
Evoke: Wand              |       |       |       |     1 ||     1
  Use: Scroll            |       |       |       |    25 ||    25
       Potion            |       |       |       |     1 ||     1
 Stab: Sleeping          |       |     9 |    16 |       ||    25
       Distracted        |       |       |     1 |       ||     1
Armor: Robe              |    19 |    58 |    96 |    84 ||   257
Dodge: Dodged            |    54 |   136 |   235 |   209 ||   634
Block: Buckler           |       |       |     1 |    68 ||    69

Table legend: (Time is in decaauts)
 A = Elapsed time spent in this place.
 B = Non-inter-level travel time spent in this place.
 C = Inter-level travel time spent in this place.
 D = Time resting spent in this place.
 E = Time spent auto-exploring this place.
 F = Levels seen in this place.
 G = Mean time per level.
                   A        B        C        D        E       F      G
               +--------+--------+--------+--------+--------+-----+--------+
         Total |  14375 |  13992 |    383 |    934 |   9453 |  16 |  898.4 |
       Dungeon |  11680 |  11298 |    382 |    143 |   8371 |  11 | 1061.8 |
        Temple |    207 |    207 |      0 |      0 |    162 |   1 |  207.0 |
          Lair |    773 |    772 |      1 |     61 |    326 |   2 |  386.5 |
         Sewer |    912 |    912 |      0 |    375 |    319 |   1 |  912.0 |
      Gauntlet |    801 |    801 |      0 |    355 |    274 |   1 |  801.0 |
               +--------+--------+--------+--------+--------+-----+--------+

Top non-repeatable levels by time:
     D:5: 1818 daAuts
     D:3: 1243 daAuts
     D:7: 1239 daAuts
     D:9: 1190 daAuts
    D:10: 1134 daAuts
     D:2: 1088 daAuts
     D:4: 1067 daAuts
     D:8: 1057 daAuts
     D:6: 980 daAuts
   Sewer: 912 daAuts
Gauntlet: 801 daAuts
     D:1: 667 daAuts
  Lair:1: 622 daAuts
  Temple: 207 daAuts
    D:11: 195 daAuts
